 Dungeon Crawl Stone Soup version 0.29-a0-1016-g236c7fd91e (webtiles) character file.

Game seed: 2769810412126916646

210 flotson the Sneak (level 5, -5/43 HPs)
             Began as a Demonspawn Delver on Aug 10, 2022.
             Killed by nerve-wracking pain
             ... invoked by a shadow imp
             ... summoned by Natasha
              (14 damage)
             ... on level 3 of the Dungeon.
             The game lasted 00:03:33 (2854 turns).

flotson the Sneak (Demonspawn Delver)               Turns: 2854, Time: 00:03:34

Health: -5/43      AC:  8    Str: 14    XL:     5   Next: 57%
Magic:  0/5        EV: 11    Int: 11    God:
Gold:   133        SH:  0    Dex: 15    Spells: 4/4 levels left

rFire   . . .      SeeInvis .   b - +0 hand axe (freeze)
rCold   . . .      Faith    .   (no shield)
rNeg    . . .      Spirit   .   d - +0 ring mail
rPois   .          Reflect  .   (no helmet)
rElec   .          Harm     .   (no cloak)
rCorr   .          Rampage  .   h - +0 pair of gloves {infuse}
Will    .....                   l - +0 pair of boots
Stlth   ++........              (no amulet)
HPRegen 0.14/turn               (no ring)
MPRegen 0.09/turn               (no ring)

@: no status effects
A: rugged brown scales 1, demonic guardian 1, foul stench 1
a: no special abilities


You were on level 3 of the Dungeon.
You visited 1 branch of the dungeon, and saw 5 of its levels.

You collected 133 gold pieces.

Inventory:

Hand Weapons
 b - a +0 hand axe of freezing (weapon)
Armour
 d - a +0 ring mail (worn)
 h - a +0 pair of gloves of infusion (worn)
 l - a +0 pair of boots (worn)
Jewellery
 j - a +4 ring of evasion
 t - a +6 ring of dexterity
Wands
 g - a wand of digging (3)
Scrolls
 a - 3 scrolls of identify {unknown}
 c - a scroll of fog
 e - a scroll of fear
 i - 2 scrolls of summoning {unknown}
 k - a scroll of blinking {unknown}
 m - 2 scrolls of immolation {unknown}
 o - a scroll of amnesia {unknown}
 q - a scroll of teleportation {unknown}
 s - a scroll of enchant weapon {unknown}
 v - 2 scrolls of noise {unknown}
Potions
 f - a potion of haste
 n - 4 potions of curing {unknown}
 p - a potion of heal wounds {unknown}
 r - 2 potions of cancellation {unknown}
 u - a potion of brilliance {unknown}


   Skills:
 + Level 4.0 Fighting
 - Level 1.7 Axes
 + Level 2.2 Armour
 + Level 3.1 Dodging
 - Level 4.5 Stealth
 + Level 2.4 Evocations


You had 4 spell levels left.
You didn't know any spells.
Your spell library was empty.

Dungeon Overview and Level Annotations

Branches:
Dungeon (5/15)
 Temple: D:4-7

Altars:
Hepliaklqana

Annotations:
D:3 Natasha


Innate Abilities, Weirdness & Mutations

You are partially covered in rugged brown scales. (AC +1, +3% HP)
A weak demonic guardian rushes to your aid.
You may rarely emit foul miasma when damaged in melee.


Message History

v - a scroll labelled JEAGRI TUNLAYWN
Found 5 stones.
a - 3 scrolls labelled UNKYRI EROINE (gained 1)
v - 2 scrolls labelled JEAGRI TUNLAYWN (gained 1)
Found a robe.
You see here a +0 robe.
i - 2 scrolls labelled IDEQ XEONU (gained 1) 2 goblins come into view.
The goblin shouts! x2; Natasha hisses angrily.
Natasha mumbles some strange words.
You hit the shadow imp but do no damage.
Natasha stares at you and mumbles some strange words.
The magic dart hits you! The shadow imp misses you.
You hit Natasha. You freeze Natasha.
Natasha is moderately wounded.
You hit the shadow imp but do no damage.
Natasha drinks a potion.
Natasha flickers and vanishes!
Deactivating autopickup; reactivate with Ctrl-A.
The shadow imp hits you but does no damage.
You closely miss the shadow imp. You hit the goblin. You freeze the goblin.
You kill the goblin!
You hit something. You freeze something.
You hear some strange, mumbled words.
Something tries to affect you, but you resist.
The shadow imp hits you. The goblin hits you but does no damage.
You barely miss the shadow imp. You miss something.
You hit the goblin but do no damage. Something barely misses you.
The shadow imp barely misses you. The goblin closely misses you.
Something claws you!
You closely miss the shadow imp. You hit something. You freeze something.
You hit the goblin. You freeze the goblin. The shadow imp gestures at you.
Pain shoots through your body!
* * * LOW HITPOINT WARNING * * *
The goblin hits you with a +0 dagger.
* * * LOW HITPOINT WARNING * * *
Something claws you but does no damage. The shadow imp gestures at you.
Pain shoots through your body!
You die...

##.# #.####.#.# #.#
#......#.# #.##
#..#####.###### #..#
#..#..........# ##.#
#..#..........# #.##
#..#..........# #..#
#..#..........# ##.#
#..#..)5{.....#
######.###..#...@g.....#
............#..........#
+######.##.##..........#
.........#.######.######
.........#.# #.#
.........#.# #.#
+###.......# #.#
........#..# #.#
........#..# ####.##


You could see a shadow imp (summoned) and a goblin.

Vanquished Creatures
  A scorpion (D:3)
  2 gnolls (D:2)
  3 adders (D:2)
  A worm (D:3)
  4 orcs (D:4)
  3 ball pythons
  4 endoplasms
  A giant cockroach (D:2)
  5 hobgoblins
  5 jackals (D:2)
  2 kobolds
  2 quokkas (D:2)
  3 bats (D:1)
  A frilled lizard (D:1)
  4 goblins
  3 rats
44 creatures vanquished.

Vanquished Creatures (collateral kills)
  An orc wizard (D:4)
  3 gnolls (D:2)
4 creatures vanquished.

Grand Total: 48 creatures vanquished

Notes
Turn   | Place    | Note
-------+----------+-------------------------------------------
     0 | D:5      | flotson the Demonspawn Delver began the quest for the Orb.
     0 | D:5      | Reached XP level 1. HP: 18/18 MP: 1/1
     2 | D:5      | Noticed a hound
    25 | D:5      | Noticed an ogre
   136 | D:4      | Noticed an orc wizard
   225 | D:4      | Gained mutation: A weak demonic guardian rushes to your
                  | aid. [demonic ancestry]
   225 | D:4      | Reached XP level 2. HP: 12/24 MP: 2/2
   252 | D:4      | Reached skill level 1 in Armour
   252 | D:4      | Reached skill level 1 in Evocations
   252 | D:4      | Gained mutation: You are partially covered in rugged brown
                  | scales. (AC +1, +3% HP) [demonic ancestry]
   252 | D:4      | Reached XP level 3. HP: 3/29 MP: 3/3
   676 | D:3      | Noticed Natasha
  1504 | D:2      | Reached XP level 4. HP: 36/36 MP: 2/4
  2337 | D:2      | Gained mutation: You may rarely emit foul miasma when
                  | damaged in melee. [demonic ancestry]
  2337 | D:2      | Reached XP level 5. HP: 34/43 MP: 0/5
  2440 | D:2      | Found a faded altar of an unknown god.
  2709 | D:3      | Found a hazy altar of Hepliaklqana.
  2854 | D:3      | Killed from afar by a shadow imp

Illustrated notes

Levels and vault maps discovered:
D:1:      dpeg_arrival_pits, layout_basic
D:2:      layout_rooms, dreamdust_ecumenical_altar_hidden_monk_grotto,
          dreamdust_mushroom_princess, dk_noncrumbling_4, cheibrodos_gnoll_hut
D:3:      layout_basic, lemuel_tele_altar, mainiacjoe_overflow_cross_hatched,
          minmay_distorted, uniq_natasha
D:4:      layout_loops_cross, serial_shops, nicolae_shop_behind_doors,
          nicolae_concentric_dashed_squares_mild, uniq_pikel, uniq_menkaure
D:5:      layout_loops_ring, lemuel_doored_altar

Skill      XL: |  1  2  3  4  5 |
---------------+----------------+-----
Dodging        | 2 3 |  3.1
Armour         | 1 2 |  2.2
Evocations     | 1 2 |  2.4
Fighting       | 4 |  4.0
Axes           | |  1.7
Stealth        | |  4.5

Action                   |  1- 3 |  4- 6 || total
-------------------------+-------+-------++-------
Melee: Hand axe          |    55 |    49 ||   104
  Use: Scroll            |     1 |       ||     1
 Stab: Sleeping          |     2 |     6 ||     8
       Distracted        |       |     1 ||     1
Armor: Ring mail         |    14 |    14 ||    28
       Leather armour    |     1 |       ||     1
Dodge: Dodged            |    32 |    23 ||    55

Table legend: (Time is in decaauts)
 A = Elapsed time spent in this place.
 B = Non-inter-level travel time spent in this place.
 C = Inter-level travel time spent in this place.
 D = Time resting spent in this place.
 E = Time spent auto-exploring this place.
 F = Levels seen in this place.
 G = Mean time per level.
                   A        B        C        D        E       F      G
               +--------+--------+--------+--------+--------+-----+--------+
         Total |   2875 |   2832 |     43 |     12 |   2327 |   5 |  575.0 |
       Dungeon |   2875 |   2832 |     43 |     12 |   2327 |   5 |  575.0 |
               +--------+--------+--------+--------+--------+-----+--------+

Top non-repeatable levels by time:
     D:2: 1148 daAuts
     D:1: 714 daAuts
     D:4: 485 daAuts
     D:3: 426 daAuts
     D:5: 102 daAuts
